 Dungeon Crawl Stone Soup version 0.21.1-1-g345015f (webtiles) character file.

474040 johnjohn the Slayer (level 23, -3/228 HPs)
             Began as a Minotaur Fighter on June 11, 2018.
             Was a Believer of the Shining One.
             Killed from afar by a titan (22 damage)
             ... with a bolt of lightning
             ... created by the fury of Okawaru
             ... on level 1 of the Elven Halls on June 13, 2018.
             The game lasted 06:52:07 (57442 turns).

johnjohn the Slayer (Minotaur Fighter)             Turns: 57442, Time: 06:52:08

Health: -3/228     AC: 44    Str: 20    XL:     23   Next: 84%
Magic:  29/29      EV: 10    Int:  7    God:    the Shining One [**....]
Gold:   3902       SH: 21    Dex: 17    Spells: 24/31 levels left

rFire    + . .     SeeInvis .   q - +6 trishula (holy)
rCold    + . .     Gourm    .   H - +1 large shield {reflect}
rNeg     + . .     Faith    .   V - +9 scales of the Dragon King {rPois rF+ rC+ MR+}
rPois    +         Spirit   .   g - +1 hat
rElec    .         Reflect  +   c - +0 cloak {MR+}
rCorr    .         Harm     .   W - +0 pair of gloves {archery}
MR       +++..     Rnd*Tele +   C - +2 pair of boots {Stlth+}
Stlth    ..........             h - amulet of regeneration
HPRegen  0.88/turn              N - +4 ring of protection
MPRegen  0.21/turn              p - +2 ring of slaying

@: glowing, drained
A: retaliatory headbutt, horns 2, teleportitis 1, weak 1
}: 1/15 runes: gossamer
a: Divine Shield, Renounce Religion


You were on level 1 of the Elven Halls.
You worshipped the Shining One.
The Shining One was pleased with you.
You were not hungry.

You visited 10 branches of the dungeon, and saw 39 of its levels.

You collected 4765 gold pieces.
You spent 863 gold pieces at shops.

Inventory:

Hand Weapons
 q - a +6 trishula of holy wrath (weapon)
 I - the +12 executioner's axe of Bloody Death {flame, +Fly rPois Stlth-}
   (Okawaru gifted it to you on level 4 of the Spider Nest)

   It has been specially enchanted to burn those struck by it, causing extra
   injury to most foes and up to half again as much damage against particularly
   susceptible opponents.
   Big, fiery blades are also staple armaments of hydra-hunters.
   It protects you from poison.
   It lets you fly.
   It makes you less stealthy.
 O - the +7 triple crossbow of Execution {elec, *Slow rC+ Str+5}
   (Okawaru gifted it to you on level 3 of the Crypt)

   It charges the ammunition it shoots with electricity; occasionally upon a
   hit, such missiles may discharge and cause terrible harm.
   It affects your strength (+5).
   It protects you from cold.
   It may slow you when you take damage.
Missiles
 s - 1013 bolts (quivered)
Armour
 c - a +0 cloak of magic resistance (worn)
 g - a +1 hat (worn)
 C - a +2 pair of boots of stealth (worn)
 H - a +1 large shield of reflection (worn)
 V - the +9 scales of the Dragon King (worn) {rPois rF+ rC+ MR+}
   (You found it on level 11 of the Dungeon)

   It protects you from fire.
   It protects you from cold.
   It protects you from poison.
   It affects your resistance to hostile enchantments.
 W - a +0 pair of gloves of archery (worn)
Jewellery
 h - an amulet of regeneration (around neck)
 j - an uncursed amulet of faith {unknown}
 p - a +2 ring of slaying (right hand)
 x - the amulet "Coast" {Faith *Drain rElec Str+3 Slay+5}
   (You found it on level 12 of the Dungeon)

   [amulet of faith]

   It allows you to gain divine favour quickly.
   It affects your strength (+3).
   It affects your accuracy and damage with ranged weapons and melee attacks
   (+5).
   It insulates you from electricity.
   It causes draining when unequipped.
 y - an uncursed ring of resist corrosion
 K - an uncursed amulet of the gourmand
 N - a +4 ring of protection (left hand)
Wands
 a - a wand of enslavement (5)
 t - a wand of clouds (11)
 u - a wand of digging (90)
 J - a wand of polymorph (13)
 X - a wand of paralysis (76)
 Z - a wand of iceblast (35)
Scrolls
 b - a scroll of brand weapon
 e - 11 scrolls of teleportation
 k - 6 scrolls of fog
 l - 12 scrolls of remove curse
 o - 6 scrolls of amnesia
 v - a scroll of summoning
 w - 5 scrolls of identify
 A - 2 scrolls of blinking
 D - a scroll of enchant weapon
 L - 9 scrolls of magic mapping
 P - 4 scrolls of fear
 R - 2 scrolls of silence
Potions
 d - 4 potions of might
 i - 8 potions of magic
 m - 6 potions of haste
 n - 16 potions of curing
 r - 3 potions of berserk rage
 z - 6 potions of brilliance
 E - 2 potions of cancellation
 F - a potion of heal wounds
 Q - 4 potions of resistance
 T - 5 potions of flight
 U - 3 potions of invisibility
 Y - 3 potions of agility
Books
 B - a book of Necromancy

   Spells                             Type                      Level
   a - Pain                           Necromancy                   1
   b - Animate Skeleton               Necromancy                   1
   c - Vampiric Draining              Necromancy                   3
   d - Regeneration                   Charms/Necromancy            3
   e - Animate Dead                   Necromancy                   4
   f - Borgnjor's Vile Clutch         Necromancy/Earth             5
   The Shining One disapproves of the use of such an item.
Miscellaneous
 G - the horn of Geryon
 M - a lamp of fire
 S - 2 boxes of beasts
Comestibles
 f - 26 rations


   Skills:
 + Level 23.6(23.5) Fighting
 + Level 17.2(18.3) Axes
 - Level 11.6(15.6) Polearms
 - Level 13.4(13.3) Crossbows
 - Level 8.4(8.3) Throwing
 - Level 19.3(19.2) Armour
 - Level 14.8(14.7) Dodging
 - Level 7.9(7.8) Stealth
 - Level 15.0(14.9) Shields
 + Level 4.6(4.5) Spellcasting
 - Level 3.2(3.1) Charms
 * Level 6.8(6.7) Translocations
 - Level 9.9 Invocations


You had 24 spell levels left.
You knew the following spells:

 Your Spells              Type           Power        Failure   Level  Hunger
a - Apportation           Tloc           ##....       90%         1    #......
b - Animate Skeleton      Necr           N/A          100%        1    #......
c - Spectral Weapon       Hex/Chrm       #.......     100%        3    ###....
d - Blink                 Tloc           N/A          97%         2    ###....


Dungeon Overview and Level Annotations

Branches:
Dungeon (15/15)            Temple (0/1) D:7            Lair (4/6) D:11
 Shoals (1/4) Lair:2       Spider (4/4) Lair:4          Orc (2/2) D:11
    Elf (3/3) Orc:2        Vaults (4/5) D:14          Crypt (3/3) Vaults:3
   Tomb (0/3) Crypt:3      Depths (2/5) D:15           Hell (1/1)
    Dis (0/7) Hell            Geh (0/7) Hell            Coc (0/7) Hell
    Tar (0/7) Hell

Altars:
Ashenzari
Cheibriados
Dithmenos
Gozag
Hepliaklqana
Makhleb
Nemelex Xobeh
Okawaru
Ru
Uskayaw
Vehumet
Wu Jian
Yredelemnul
The Shining One

Shops:
D:6 =   D:7 ?   D:10 (   D:12 }=:[(   Orc:1 (:   Orc:2 }}=:(   Elf:1 ?
Vaults:4 :

Portals:
Hell: Depths:1 Depths:2
Abyss: Depths:1 Depths:2
Trove: D:10 (give 12 potions of heal wounds)

Annotations:
D:13 Rupert


Innate Abilities, Weirdness & Mutations

You reflexively headbutt those who attack you in melee.
You have a pair of horns on your head.
You are occasionally teleported next to monsters.
You are weak. (Str -2)


Message History

The deep elf knight hits you but does no damage.
You puncture the titan! You headbutt the titan.
The titan is severely wounded.
The titan hits you!
* * * LOW HITPOINT WARNING * * *
The deep elf knight gestures at you while chanting.
Your +1 large shield of reflection reflects the shard of ice!
The shard of ice hits the deep elf knight.
You impale the titan!!
The titan is almost dead.
The titan mumbles some strange words.
The titan is healed somewhat.
You hit the titan.
The titan is almost dead.
You block the deep elf knight's attack.
You hit the titan. You headbutt the titan!
The titan is almost dead.
The titan gestures at you while chanting.
The bolt of lightning hits you!
You die...

......###.# ##.......).....#
..##...##.# ##..............#
.####...#.####...............#
.####........+...............#
..##.......###........)....[.#
.......##..###..............##
..##..####..##........≈.≈..##
.#:.#.####..##...C...≈≈.≈≈##
.#..#..##..####.@....≈≈∩≈≈#
..##......^# ###e###≈≈≈≈≈#
#....##..#.### #.####≈≈≈##
##..####..)))####.........#
##..####.#.).)......#.#...#
#....##..###.######.#+#'#'#
.....)..## #)# #.#.#.#.#
........# #.# ##############
......#.# #.# #...)...)....#


You could see a titan and a deep elf knight (invisible).

Vanquished Creatures
  An ancient lich (Crypt:3)
  Mara (Spider:2)
  Sojobo (Vaults:2)
  Margery (Vaults:2)
  Saint Roka (Depths:2)
  Geryon (Hell)
  A bone dragon (Crypt:3)
  Arachne (Spider:2)
  A hellephant (Depths:1)
  4 liches
  2 tentacled monstrosities (Vaults:4)
  Asterion (Depths:1)
  4 titans
  3 deep elf blademasters
  2 deep elf master archers
  2 sphinxes
  Gastronok (Lair:3)
  5 tengu reavers
  3 ancient champions
  Kirke (Spider:4)
  A shadow dragon (Depths:2)
  A nagaraja (Vaults:4)
  A revenant (Crypt:1)
  3 frost giants
  6 deep elf sorcerers
  An orc warlord (D:11)
  7 fire giants
  Louise (Elf:2)
  4 ghost moths
  A cacodemon (Hell)
  7 vault wardens
  5 war gargoyles
  7 reapers
  3 emperor scorpions (Spider:4)
  5 ghouls
  4 very ugly things
  2 deep elf elementalists
  14 stone giants
  A curse skull (Crypt:1)
  11 ironheart preservers
  5 vampire knights
  An entropy weaver (shapeshifter) (Vaults:4)
  7 entropy weavers
  5 dire elephants (Depths:1)
  3 deep elf demonologists
  A lorocyproca (Hell)
  A red draconian (Vaults:4)
  5 deep elf annihilators
  5 spark wasps
  The ghost of masayah the Severer, a journeyman MiFi of the Shining One (Orc:1)
  A deep elf death mage (Elf:3)
  2 deep elf high priests (Elf:3)
  5 ettins
  5 crystal guardians
  3 blizzard demons
  5 jiangshi
  4 fire dragons
  15 ogre magi
  14 yaktaur captains
  6 great orbs of eyes
  A quicksilver dragon zombie (Depths:2)
  A quicksilver dragon skeleton (Crypt:3)
  2 rakshasas
  6 ice dragons
  17 vault guards
  6 hydras
  5 death knights
  11 centaur warriors
  An alligator (Lair:2)
  49 two-headed ogres
  The ghost of inc the Blocker, a journeyman OpFi of Gozag (Lair:1)
  3 deep troll earth magi
  30 dancing weapons
  3 deep troll shamans
  2 tengu warriors
  3 vampire magi
  A storm dragon zombie (Crypt:1)
  3 shock serpents (shapeshifter)
  An iron golem (Hell)
  3 orc high priests
  Urug (D:13)
  2 soul eaters
  25 deep elf knights
  A titan skeleton (Crypt:1)
  A sun demon (Depths:2)
  43 skeletal warriors
  A sixfirhy (Depths:2)
  8 shadow wraiths
  A storm dragon skeleton (Crypt:3)
  15 hell knights
  2 glowing orange brains
  4 flayed ghosts (Depths:2)
  An entropy weaver zombie (Crypt:1)
  4 unseen horrors
  4 deep trolls
  2 sea snakes (Lair:2)
  19 deep elf archers
  5 wizards
  2 shadow dragon zombies
  A wolf spider zombie (Crypt:3)
  7 phantasmal warriors
  10 ironbrand convokers
  13 necromancers
  A harpy (Lair:2)
  20 orc knights
  83 deep elf magi
  A golden dragon skeleton (Depths:2)
  20 orb spiders
  A sphinx zombie (Depths:2)
  A shadow dragon skeleton (Depths:2)
  11 orc sorcerers
  27 ugly things
  A stone giant zombie (Crypt:3)
  2 sphinx skeletons (Depths:2)
  An oklob plant (D:11)
  2 tengu skeletons (Depths:2)
  39 wolf spiders
  A frost giant zombie (Vaults:4)
  18 elephants
  11 cyclopes
  2 manticores
  3 moths of wrath
  4 stone giant skeletons
  A fire giant skeleton (Depths:2)
  2 black mambas (Lair:4)
  An elf zombie (Depths:2)
  4 frost giant skeletons
  Joseph (D:8)
  An iron dragon skeleton (Crypt:3)
  An orange demon (Depths:2)
  2 centaur zombies
  6 vault sentinels
  A gargoyle (D:10)
  4 spiny frogs
  An ice statue (Hell)
  2 rust devils (Hell)
  Psyche (D:12)
  A torpor snail (Spider:4)
  14 freezing wraiths
  2 komodo dragons (Lair:1)
  A rime drake (Lair:3)
  2 spriggan zombies (Depths:2)
  10 demonic crawlers
  A rime drake (shapeshifter) (Vaults:4)
  An efreet (D:15)
  A yaktaur skeleton (Vaults:1)
  A redback zombie (Crypt:1)
  An anaconda simulacrum (Crypt:1)
  15 yaktaurs
  A tengu conjurer (D:15)
  2 hydra zombies (Hell)
  A harpy zombie (Vaults:1)
  4 ice devils
  A red devil (Hell)
  A grey draconian skeleton (Crypt:1)
  39 jumping spiders
  2 polar bears (D:12)
  3 human skeletons
  A queen bee (shapeshifter) (Elf:3)
  6 trolls
  The ghost of Iko the Slasher, an amateur FoCK of Xom (D:8)
  A wind drake (shapeshifter) (D:14)
  2 hydra skeletons
  2 snapping turtles (Lair:2)
  An ice dragon zombie (Crypt:3)
  5 blink frogs (Lair:2)
  10 hornets
  15 slime creatures
  3 bog bodies
  7 hippogriffs
  An alligator zombie (Hell)
  17 flying skulls
  2 fire dragon zombies
  67 redbacks
  6 water elementals
  An alligator skeleton (Hell)
  A spriggan (D:7)
  A spriggan (shapeshifter) (Vaults:3)
  A fire dragon skeleton (Crypt:3)
  27 tarantellas
  5 ettin skeletons
  49 yaks
  2 hogs (Spider:4)
  2 black mamba zombies (Crypt:3)
  A yak (shapeshifter) (Vaults:4)
  2 basilisks
  A golden eye (shapeshifter) (Vaults:3)
  4 fire elementals
  5 wraiths
  A black mamba skeleton (Crypt:1)
  A wyvern (Lair:3)
  A basilisk (shapeshifter) (D:13)
  4 hungry ghosts
  12 wargs
  A soldier ant (D:9)
  2 hydra simulacra (Hell)
  A tengu zombie (Depths:2)
  7 water moccasins
  3 acid dragons
  3 hell hounds
  A monstrous demonspawn zombie (Crypt:1)
  An infernal demonspawn skeleton (Crypt:1)
  Duvessa (D:6)
  6 porcupines
  35 orc warriors
  2 sky beasts
  3 ice beasts
  A black bear (shapeshifter) (Vaults:1)
  A black bear (Lair:4)
  A swamp drake (shapeshifter) (Vaults:4)
  A lindwurm zombie (Crypt:1)
  2 necrophages
  2 phantoms (D:11)
  2 elf skeletons (Vaults:4)
  53 ogres
  4 wolves
  15 centaurs
  An elephant skeleton (Crypt:2)
  7 crocodiles
  2 big kobolds
  A blink frog skeleton (Crypt:2)
  A big kobold (shapeshifter) (Vaults:4)
  15 bullfrogs
  8 earth elementals
  A gnoll sergeant (D:11)
  A draconian skeleton (Crypt:1)
  Dowan (D:6)
  A cyclops zombie (Crypt:2)
  A wyvern skeleton (D:13)
  3 scorpions
  3 troll zombies (D:11)
  7 killer bees
  15 wights
  7 howler monkeys
  2 spriggan skeletons
  4 electric eels
  11 crimson imps
  2 bullfrog zombies
  5 hounds
  A quasit (D:6)
  2 gnoll shamans (D:4)
  22 orc priests
  6 centaur skeletons
  5 jellies
  4 iguanas
  An iron imp (Hell)
  5 worker ants
  36 orc wizards
  6 ogre zombies
  A bullfrog simulacrum (D:12)
  A hound zombie (D:10)
  2 hound skeletons
  2 worker ant zombies (D:11)
  55 gnolls
  14 adders
  A howler monkey skeleton (D:7)
  3 shadow imps
  2 white imps (D:12)
  3 ufetubi (D:12)
  2 adder skeletons
  7 worms
  A dart slug (D:1)
  4 leopard geckos
  115 orcs
  8 giant cockroaches
  5 goblins
  9 hobgoblins
  21 jackals
  5 quokkas
  3 ball pythons
  5 bats
  6 frilled lizards
  5 goblin zombies (D:11)
  2 hobgoblin skeletons (D:11)
  2 hobgoblin zombies (D:11)
  2 jackal zombies (D:5)
  18 kobolds
  A kobold skeleton (Crypt:3)
  2 leopard gecko skeletons
  3 orc skeletons (D:11)
  12 orc zombies (D:11)
  A quokka skeleton (D:6)
  10 rats
  A spectral orc (D:9)
  A fungus (Lair:3)
  3 plants (D:11)
1859 creatures vanquished.

Vanquished Creatures (collateral kills)
  Mennas (Crypt:1)
  3 stone giants (Elf:2)
  A vampire knight (Crypt:1)
  A dancing weapon (Elf:2)
  A deep elf mage (Elf:2)
  A redback zombie (Crypt:1)
  An elf zombie (Crypt:1)
9 creatures vanquished.

Vanquished Creatures (others)
  2 deep elf master archers
  A ghost moth (Spider:4)
  A blizzard demon (Hell)
  A deep elf knight (Elf:2)
  A skeletal warrior (Crypt:3)
  2 deep elf archers
  A deep elf mage (Elf:2)
  3 orb spiders
  4 yaktaurs
  A demonic crawler (Spider:3)
  2 jumping spiders
  A hornet (Spider:3)
  A slime creature (Depths:1)
  A flying skull (Depths:2)
  A redback (Spider:4)
  An air elemental (Elf:2)
  A tarantella (Spider:3)
  An orc warrior (Orc:1)
  An ogre (Vaults:4)
  An orc zombie (D:11)
  2 fungi
  2 plants (D:11)
32 creatures vanquished.

Grand Total: 1900 creatures vanquished

Notes
Turn   | Place    | Note
-------+----------+-------------------------------------------
     0 | D:1      | johnjohn the Minotaur Fighter began the quest for the Orb.
     0 | D:1      | Reached XP level 1. HP: 19/19 MP: 0/0
   274 | D:1      | Reached skill level 4 in Fighting
   274 | D:1      | Reached XP level 2. HP: 27/27 MP: 1/1
   521 | D:1      | Reached XP level 3. HP: 34/34 MP: 2/2
  1177 | D:2      | Found an iron altar of Okawaru.
  1189 | D:2      | Became a worshipper of Warmaster Okawaru
  1300 | D:2      | Reached skill level 5 in Fighting
  1300 | D:2      | Reached XP level 4. HP: 31/42 MP: 3/3
  1424 | D:2      | Found a hide-covered altar of Uskayaw.
  1826 | D:3      | Reached XP level 5. HP: 42/48 MP: 4/4
  1895 | D:3      | Reached skill level 5 in Axes
  1994 | D:3      | Found a snail-covered altar of Cheibriados.
  2123 | D:3      | Reached skill level 6 in Fighting
  2615 | D:4      | Found a sparkling altar of Nemelex Xobeh.
  2640 | D:4      | Reached XP level 6. HP: 58/58 MP: 5/5
  2702 | D:4      | Reached * piety under Okawaru
  2826 | D:4      | Found a hazy altar of Hepliaklqana.
  2883 | D:4      | Reached skill level 7 in Fighting
  2948 | D:4      | Reached XP level 7. HP: 58/66 MP: 2/6
  2959 | D:5      | Entered Level 5 of the Dungeon
  2959 | D:5      | Found a shattered altar of Ashenzari.
  2959 | D:5      | Noticed a hippogriff
  3138 | D:4      | Reached skill level 8 in Fighting
  3220 | D:4      | Found a burning altar of Makhleb.
  3643 | D:4      | Reached ** piety under Okawaru
  3793 | D:4      | Reached XP level 8. HP: 50/75 MP: 7/7
  4111 | D:5      | Found a glowing golden altar of the Shining One.
  4112 | D:5      | Found a shadowy altar of Dithmenos.
  4637 | D:5      | Reached skill level 9 in Fighting
  4892 | D:6      | Found Tifil's Jewellery Shop.
  5055 | D:6      | Found an opulent altar of Gozag.
  5308 | D:6      | Found an ornate altar of the Wu Jian Council.
  5650 | D:6      | Noticed a hippogriff
  5653 | D:6      | Noticed Duvessa
  5654 | D:6      | Noticed Dowan
  5658 | D:6      | Killed a hippogriff
  5666 | D:6      | Killed Duvessa
  5666 | D:6      | Reached skill level 10 in Fighting
  5681 | D:6      | Killed Dowan
  5921 | D:6      | Reached skill level 10 in Axes
  6076 | D:7      | Reached XP level 9. HP: 85/86 MP: 8/8
  6164 | D:7      | Found a staircase to the Ecumenical Temple.
  6200 | D:7      | Found a radiant altar of Vehumet.
  6463 | D:7      | Found Rodoh's Magic Scroll Boutique.
  6470 | D:7      | Bought a scroll of enchant weapon for 75 gold pieces
  6470 | D:7      | Bought 3 scrolls of identify for 60 gold pieces
  6470 | D:7      | Bought a scroll of identify for 20 gold pieces
  6723 | D:8      | Noticed Iko's ghost (amateur FoCK)
  6732 | D:8      | Killed Iko's ghost
  6732 | D:8      | Reached skill level 11 in Fighting
  6769 | D:8      | Reached *** piety under Okawaru
  6807 | D:8      | Noticed a two-headed ogre
  6819 | D:8      | Killed a two-headed ogre
  6819 | D:8      | Reached skill level 12 in Fighting
  7001 | D:8      | Noticed a two-headed ogre
  7007 | D:8      | Killed a two-headed ogre
  7007 | D:8      | Reached XP level 10. HP: 63/100 MP: 6/9
  7103 | D:8      | Reached **** piety under Okawaru
  7367 | D:8      | Noticed Joseph
  7614 | D:8      | Killed Joseph
  7614 | D:8      | Reached skill level 13 in Fighting
  8196 | D:9      | Found a sacrificial altar of Ru.
  8303 | D:9      | Found a basalt altar of Yredelemnul.
  8882 | D:10     | Entered Level 10 of the Dungeon
  9042 | D:10     | Found Rimnere's Weapon Shop.
  9159 | D:10     | Noticed a deep elf mage
  9177 | D:10     | Killed a deep elf mage
  9177 | D:10     | Reached ***** piety under Okawaru
  9177 | D:10     | Reached skill level 14 in Fighting
  9229 | D:10     | Identified Sealam's Grimoire of Sand
  9263 | D:10     | Noticed a gargoyle
  9272 | D:10     | Killed a gargoyle
  9272 | D:10     | Reached XP level 11. HP: 89/110 MP: 10/10
  9276 | D:10     | Found a portal to a secret trove of treasure.
  9348 | D:10     | Noticed a two-headed ogre
  9359 | D:10     | Killed a two-headed ogre
  9455 | D:10     | Received a gift from Okawaru
  9456 | D:10     | Got a silken robe {god gift}
  9467 | D:10     | Identified the +2 robe "Goutor" {Str+4} (Okawaru gifted it to you on level 10 of the Dungeon)
  9681 | D:10     | Noticed a wizard
  9684 | D:10     | Noticed a wizard
  9688 | D:10     | Killed a wizard
  9697 | D:10     | Identified Nanke's Compendium of Combed Thunderclap
  9708 | D:10     | Identified the Almanac of Plaster Cramp
  9946 | D:11     | Reached skill level 15 in Fighting
 10056 | D:11     | Noticed a deep elf mage
 10066 | D:11     | Killed a deep elf mage
 10105 | D:11     | Found a staircase to the Orcish Mines.
 10138 | D:11     | Reached skill level 15 in Axes
 10459 | D:11     | Found a staircase to the Lair.
 10459 | D:11     | Noticed an oklob plant
 10494 | D:11     | Noticed a white ugly thing
 10508 | D:11     | Killed a white ugly thing
 10847 | D:11     | Noticed a cyan ugly thing
 10860 | D:11     | Killed a cyan ugly thing
 10935 | D:11     | Found the +9 scales of the Dragon King {rPois rF+ rC+ MR+}
 11234 | D:11     | Noticed an orc knight
 11235 | D:11     | Noticed a centaur warrior
 11258 | D:11     | Killed a centaur warrior
 11258 | D:11     | Reached XP level 12. HP: 109/122 MP: 11/11
 11274 | D:11     | Reached skill level 16 in Fighting
 11686 | Lair:1   | Entered Level 1 of the Lair of Beasts
 11732 | Lair:1   | Received a gift from Okawaru
 11780 | Lair:1   | Noticed inc's ghost (journeyman OpFi)
 11788 | Lair:1   | Killed inc's ghost
 12142 | Lair:1   | Found a frozen archway.
 12155 | Lair:1   | Noticed a seven-headed hydra
 12163 | Lair:1   | Killed a three-headed hydra
 12163 | Lair:1   | Reached skill level 17 in Fighting
 12948 | Lair:2   | Reached skill level 18 in Fighting
 13020 | Lair:2   | Found a staircase to the Shoals.
 13029 | Shoals:1 | Entered Level 1 of the Shoals
 13029 | Shoals:1 | Noticed a merfolk avatar
 13029 | Shoals:1 | Noticed an alligator
 13046 | Lair:2   | Killed an alligator
 13068 | Lair:2   | Reached skill level 5 in Armour
 13068 | Lair:2   | Reached skill level 5 in Shields
 13471 | Lair:2   | Received a gift from Okawaru
 13788 | Lair:3   | Reached XP level 13. HP: 132/134 MP: 12/12
 13789 | Lair:3   | Received a gift from Okawaru
 13812 | Lair:3   | Got a scorched scimitar {god gift}
 13813 | Lair:3   | Identified the +3 scimitar "Ruatas" {drain, MR+} (Okawaru gifted it to you on level 3 of the Lair of Beasts)
 14384 | Lair:3   | Noticed Gastronok
 14410 | Lair:3   | Killed Gastronok
 14410 | Lair:3   | Received a gift from Okawaru
 15313 | Lair:4   | Found a hole to the Spider Nest.
 15762 | Lair:1   | Learned a level 1 spell: Apportation
 15764 | Lair:1   | Learned a level 1 spell: Animate Skeleton
 15884 | D:12     | Found Ibeliat's Antique Armour Shoppe.
 15899 | D:12     | Found Qeusm's Book Emporium.
 16044 | D:12     | Found Fenuth's Antique Weapon Emporium.
 16111 | D:12     | Received a gift from Okawaru
 16119 | D:12     | Got a warped tin amulet
 16212 | D:12     | Found Sex Wox's Jewellery Shoppe.
 16386 | D:12     | Reached skill level 10 in Shields
 16394 | D:12     | Reached ****** piety under Okawaru
 16394 | D:12     | Reached skill level 10 in Armour
 16395 | D:12     | Found Sageg's Gadget Emporium.
 16457 | D:12     | Noticed Psyche
 16468 | D:12     | Killed Psyche
 17081 | D:13     | Reached XP level 14. HP: 122/144 MP: 13/13
 17198 | D:13     | Noticed Urug
 17222 | D:13     | Killed Urug
 17333 | D:13     | Found a glowing golden altar of the Shining One.
 17496 | D:13     | Reached skill level 19 in Fighting
 18383 | D:14     | Received a gift from Okawaru
 18638 | D:14     | Found a gate to the Vaults.
 18870 | Spider:1 | Entered Level 1 of the Spider Nest
 19249 | Spider:1 | Noticed an entropy weaver
 19278 | Spider:1 | Killed an entropy weaver
 19831 | Spider:2 | Noticed an entropy weaver
 19839 | Spider:2 | Killed an entropy weaver
 20730 | Spider:3 | Noticed Mara
 20740 | Spider:2 | Noticed johnjohn's illusion
 20762 | Spider:2 | Killed Mara
 20762 | Spider:2 | Received a gift from Okawaru
 20762 | Spider:2 | Reached XP level 15. HP: 68/152 MP: 14/14
 20763 | Spider:2 | Got a bloodstained hand axe {god gift}
 20874 | Spider:2 | Identified the +2 hand axe of Himmuxto {drain, Str+5} (Okawaru gifted it to you on level 2 of the Spider Nest)
 21086 | Spider:2 | Received a gift from Okawaru
 21195 | Spider:2 | Identified the amulet "Coast" {Faith *Drain rElec Str+3 Slay+5} (You found it on level 12 of the Dungeon)
 21358 | Spider:3 | Noticed Arachne
 21397 | Spider:2 | Killed Arachne
 22221 | Spider:3 | Killed a ghost moth
 23189 | Spider:4 | Entered Level 4 of the Spider Nest
 23211 | Spider:4 | Received a gift from Okawaru
 23237 | Spider:4 | Got a faintly glowing broad axe {god gift}
 23238 | Spider:4 | Identified the +6 broad axe of Tima {drain, Int+3} (Okawaru gifted it to you on level 4 of the Spider Nest)
 23355 | Spider:4 | Reached skill level 20 in Fighting
 23739 | Spider:4 | Reached skill level 15 in Shields
 23756 | Spider:4 | Reached skill level 15 in Armour
 23761 | Spider:4 | Received a gift from Okawaru
 23846 | Spider:4 | Got a slimy executioner's axe {god gift}
 23871 | Spider:4 | Identified the +12 executioner's axe of Bloody Death {flame, +Fly rPois Stlth-} (Okawaru gifted it to you on level 4 of the Spider Nest)
 23960 | Spider:4 | Reached XP level 16. HP: 117/163 MP: 15/15
 24411 | Spider:4 | Received a gift from Okawaru
 25930 | Spider:4 | Got a gossamer rune of Zot
 26425 | Spider:4 | Noticed Kirke
 26442 | Spider:4 | Noticed a sphinx
 26446 | Spider:4 | Noticed a sphinx
 26448 | Spider:4 | Killed Kirke
 26448 | Spider:4 | Reached skill level 1 in Throwing
 26984 | Vaults:1 | Entered Level 1 of the Vaults
 26991 | Vaults:1 | Received a gift from Okawaru
 27440 | Vaults:1 | Reached skill level 21 in Fighting
 27572 | Vaults:1 | Reached skill level 5 in Throwing
 27625 | Vaults:1 | Reached XP level 17. HP: 127/173 MP: 16/16
 28321 | Vaults:1 | Received a gift from Okawaru
 28699 | Vaults:1 | Received a gift from Okawaru
 29025 | Vaults:1 | Received a gift from Okawaru
 29064 | Vaults:1 | Gained mutation: You are weak. (Str -2) [mutagenic glow]
 30038 | Vaults:2 | Reached skill level 1 in Crossbows
 30233 | Vaults:2 | Received a gift from Okawaru
 30515 | Vaults:2 | Noticed Sojobo
 30527 | Vaults:2 | Killed Sojobo
 30527 | Vaults:2 | Received a gift from Okawaru
 30902 | Vaults:2 | Received a gift from Okawaru
 30903 | Vaults:2 | Reached skill level 5 in Crossbows
 30961 | Vaults:2 | Reached XP level 18. HP: 184/184 MP: 17/17
 31186 | Vaults:2 | Reached skill level 22 in Fighting
 31341 | Vaults:2 | Noticed Margery
 31593 | Vaults:2 | Killed Margery
 31593 | Vaults:2 | Received a gift from Okawaru
 31598 | Vaults:2 | Reached XP level 19. HP: 149/191 MP: 18/18
 31618 | Vaults:2 | Identified a scroll of acquirement
 33413 | Vaults:3 | Received a gift from Okawaru
 34285 | Vaults:3 | Reached skill level 10 in Crossbows
 34289 | Vaults:3 | Received a gift from Okawaru
 34344 | Vaults:3 | Found a staircase to the Crypt.
 34350 | Crypt:1  | Entered Level 1 of the Crypt
 34397 | Crypt:1  | Received a gift from Okawaru
 34403 | Crypt:1  | Reached skill level 1 in Dodging
 34449 | Crypt:1  | Reached skill level 1 in Spellcasting
 34449 | Crypt:1  | Reached skill level 1 in Translocations
 34792 | Crypt:1  | Received a gift from Okawaru
 35153 | Crypt:1  | Noticed Mennas
 35172 | Crypt:1  | Received a gift from Okawaru
 35187 | Crypt:1  | Killed Mennas
 38096 | Vaults:3 | Got a scorched demon blade
 38097 | Vaults:3 | Identified the +5 demon blade of Taxation {freeze, rC+ Stlth+} (You found it on level 3 of the Vaults)
 38164 | Vaults:2 | Reached skill level 5 in Dodging
 38169 | Vaults:2 | Reached skill level 1 in Polearms
 38385 | Vaults:3 | Reached XP level 20. HP: 186/202 MP: 21/23
 38715 | Vaults:3 | Received a gift from Okawaru
 38949 | Vaults:3 | Received a gift from Okawaru
 39386 | Vaults:4 | Reached skill level 5 in Polearms
 39454 | Vaults:4 | Received a gift from Okawaru
 39520 | Vaults:4 | Reached skill level 1 in Invocations
 40205 | Vaults:4 | Received a gift from Okawaru
 40884 | Vaults:4 | Received a gift from Okawaru
 41502 | Vaults:4 | Received a gift from Okawaru
 41538 | Vaults:4 | Reached skill level 5 in Invocations
 42138 | Vaults:4 | Found Caokhle's Book Shoppe.
 42377 | Vaults:4 | Reached skill level 10 in Dodging
 42401 | Vaults:4 | Reached XP level 21. HP: 185/209 MP: 24/24
 43111 | Crypt:3  | Entered Level 3 of the Crypt
 43123 | Crypt:3  | Reached skill level 10 in Polearms
 43429 | Crypt:3  | Received a gift from Okawaru
 43434 | Crypt:3  | Reached skill level 1 in Stealth
 43440 | Crypt:3  | Got a polished triple crossbow {god gift}
 43447 | Crypt:3  | Identified the +7 triple crossbow of Execution {elec, *Slow rC+ Str+5} (Okawaru gifted it to you on level 3 of the Crypt)
 43649 | Crypt:3  | Noticed an ancient lich
 43661 | Crypt:3  | Killed an ancient lich
 43662 | Crypt:3  | Found a basalt altar of Yredelemnul.
 43834 | Crypt:3  | Received a gift from Okawaru
 44114 | Crypt:3  | Identified the Incunabulum of Darkness
 44169 | Crypt:3  | Found a staircase to the Tomb.
 44701 | D:15     | Entered Level 15 of the Dungeon
 44706 | D:15     | Received a gift from Okawaru
 44753 | D:15     | Found a staircase to the Depths.
 45627 | Depths:1 | Entered Level 1 of the Depths
 45798 | Depths:1 | Found a one-way gate to the infinite horrors of the Abyss.
 45810 | Depths:1 | Learned a level 3 spell: Spectral Weapon
 45887 | Depths:1 | Noticed Asterion
 45903 | Depths:1 | Killed Asterion
 46243 | Depths:1 | Found a gateway to Hell.
 46537 | Depths:1 | Found a huge runed gate.
 46537 | Depths:1 | Found a huge runed gate.
 46538 | Depths:1 | Found a huge runed gate.
 46539 | Depths:1 | Found a huge runed gate.
 46540 | Depths:1 | Found a huge runed gate.
 46541 | Depths:1 | Found a huge runed gate.
 46542 | Depths:1 | Found a huge runed gate.
 46543 | Depths:1 | Found a huge runed gate.
 46544 | Depths:1 | Found a huge runed gate.
 46557 | Depths:1 | Reached skill level 5 in Stealth
 46560 | Depths:1 | Reached skill level 1 in Charms
 46820 | Depths:1 | Found a huge runed gate.
 46821 | Depths:1 | Found a huge runed gate.
 46893 | Depths:1 | Received a gift from Okawaru
 46893 | Depths:1 | Reached XP level 22. HP: 217/217 MP: 23/27
 47045 | Depths:2 | Noticed Saint Roka
 47065 | Depths:2 | Killed Saint Roka
 47632 | Depths:2 | Gained mutation: You are occasionally teleported next to monsters. [a cacodemon]
 48111 | Hell     | Entered the Vestibule of Hell
 48111 | Hell     | Noticed Geryon
 48513 | Depths:2 | Received a gift from Okawaru
 48751 | Hell     | Killed Geryon
 49355 | Hell     | Found a gateway to the freezing wastes of Cocytus.
 49527 | Hell     | Found a gateway to the Iron City of Dis.
 49679 | Hell     | Received a gift from Okawaru
 49683 | Hell     | Got a warped eveningstar {god gift}
 49684 | Hell     | Identified the +4 eveningstar of the Fulmar {speed, Fragile Int+3 Dex+6} (Okawaru gifted it to you in the Vestibule of Hell)
 49903 | Hell     | Found a gateway to the decaying netherworld of Tartarus.
 50412 | Hell     | Found a gateway to the ashen valley of Gehenna.
 50584 | Orc:1    | Entered Level 1 of the Orcish Mines
 51026 | Orc:1    | Noticed masayah's ghost (journeyman MiFi)
 51030 | Orc:1    | Killed masayah's ghost
 51124 | Orc:1    | Found Siynor's Book Boutique.
 51169 | Orc:1    | Found Odwatoh's Weapon Emporium.
 51368 | Orc:1    | Reached skill level 23 in Fighting
 51559 | Orc:2    | Entered Level 2 of the Orcish Mines
 51559 | Orc:2    | Found a staircase to the Elven Halls.
 51617 | Orc:2    | Found a labyrinth entrance.
 51771 | Orc:2    | Found Witigeut's Antique Weapon Boutique.
 51803 | Orc:2    | Found Nefumaes's Jewellery Shop.
 51803 | Orc:2    | Found Kainkeit's Gadget Emporium.
 51804 | Orc:2    | Found Nefits's Book Shoppe.
 51804 | Orc:2    | Found Uclaricw's Gadget Shop.
 51826 | Orc:2    | Reached XP level 23. HP: 170/226 MP: 29/29
 51907 | Orc:2    | Bought a +4 ring of protection for 468 gold pieces
 52271 | Elf:1    | Entered Level 1 of the Elven Halls
 52336 | Elf:1    | Received a gift from Okawaru
 52636 | Elf:1    | Found Ruwinuxi's Magic Scroll Shop.
 52759 | Elf:1    | Identified Raemunue's Collected Works on Summoning
 53521 | D:13     | Noticed Rupert
 53597 | D:13     | Fell from the grace of Okawaru
 53597 | D:13     | Became a worshipper of the Shining One
 53680 | D:12     | Bought a book of Minor Magic for 240 gold pieces
 53683 | D:12     | Learned a level 2 spell: Blink
 53893 | Elf:2    | Noticed Louise
 53907 | Elf:2    | Killed Louise
 54560 | Elf:2    | Reached skill level 5 in Translocations
 54853 | Elf:2    | Found a runed gate.
 54855 | Elf:2    | Found a runed gate.
 54856 | Elf:2    | Found a runed gate.
 54873 | Elf:2    | Reached * piety under the Shining One
 55651 | Elf:3    | Entered Level 3 of the Elven Halls
 57058 | Elf:3    | Reached ** piety under the Shining One
 57442 | Elf:1    | Killed from afar by a titan

Skill      XL: |  1  2  3  4  5  6  7  8  9 10 11 12 13 14 15 16 17 18 19 20 21 22 23 |
---------------+----------------------------------------------------------------------+-----
Fighting       | 4 5 6 7 8 10 12 14 15 18 19 20 21 22 23 | 23.6
Axes           | 3 4 5 6 8 10 12 13 15 16 17 | 17.2
Armour         | 5 10 13 15 17 18 19 | 19.3
Shields        | 5 10 13 15 | 15.0
Throwing       | 5 8 |  8.4
Crossbows      | 6 7 11 13 | 13.4
Dodging        | 5 10 12 14 | 14.8
Spellcasting   | 3 4 |  4.6
Translocations | 3 4 6 |  6.8
Polearms       | 1 9 11 | 11.6
Invocations    | 6 9 |  9.9
Stealth        | 5 7 |  7.9
Charms         | 1 3 |  3.2

Action                   |  1- 3 |  4- 6 |  7- 9 | 10-12 | 13-15 | 16-18 | 19-21 | 22-24 || total
-------------------------+-------+-------+-------+-------+-------+-------+-------+-------++-------
Melee: War axe           |    96 |   134 |   317 |   690 |   908 |       |       |       ||  2145
       Headbutt          |    11 |    23 |    64 |   184 |   256 |   121 |   362 |   252 ||  1273
       Unarmed           |       |       |       |    11 |       |       |       |       ||    11
       Scimitar          |       |       |       |       |     9 |       |       |       ||     9
       Broad axe         |       |       |       |       |   107 |       |       |       ||   107
       Hand axe          |       |       |       |       |    19 |       |       |       ||    19
       Executioner's axe |       |       |       |       |    12 |   439 |   500 |   443 ||  1394
       Arbalest          |       |       |       |       |       |     1 |       |       ||     1
       Trishula          |       |       |       |       |       |       |   676 |   665 ||  1341
       Triple crossbow   |       |       |       |       |       |       |    10 |       ||    10
       Punch             |       |       |       |       |       |       |       |     1 ||     1
 Fire: Arbalest          |       |       |       |       |       |    18 |   121 |       ||   139
       Triple crossbow   |       |       |       |       |       |       |   137 |   189 ||   326
Throw: Tomahawk          |       |     6 |    13 |    14 |       |       |       |       ||    33
       Javelin           |       |       |       |       |     8 |    26 |       |       ||    34
Invok: Heroism           |       |     2 |    14 |    24 |    33 |    25 |    24 |    16 ||   138
       Finesse           |       |       |       |       |       |       |     6 |     7 ||    13
Evoke: Wand              |       |       |       |    12 |    14 |     1 |     2 |     7 ||    36
       Lamp of fire      |       |       |       |       |       |       |     1 |       ||     1
       Box of beasts     |       |       |       |       |       |       |     1 |       ||     1
       Phantom mirror    |       |       |       |       |       |       |     1 |       ||     1
       Horn of Geryon    |       |       |       |       |       |       |       |     1 ||     1
  Use: Scroll            |       |       |     5 |    15 |     8 |     5 |    24 |     5 ||    62
       Potion            |       |       |       |     1 |     1 |     3 |     1 |     2 ||     8
 Stab: Held in net/web   |       |       |       |       |     2 |       |       |       ||     2
       Distracted        |       |       |       |       |       |       |     1 |       ||     1
  Eat: Chunk             |     1 |     6 |    10 |    18 |    18 |    11 |    33 |    17 ||   114
       Ration            |       |       |     1 |     3 |     5 |     4 |     5 |     6 ||    24
Armor: Scale mail        |    32 |    23 |       |       |       |       |       |       ||    55
       Chain mail        |       |    69 |   130 |       |       |       |       |       ||   199
       Plate armour      |       |       |    19 |   162 |       |       |       |       ||   181
       Skin              |       |       |       |     2 |       |       |       |       ||     2
       Gold dragon scale |       |       |       |   170 |   884 |   654 |  1051 |   894 ||  3653
Dodge: Dodged            |    34 |    32 |    72 |    72 |   190 |   161 |   387 |   495 ||  1443
Block: Shield            |    50 |    90 |   214 |   303 |   888 |       |    10 |       ||  1555
       Large shield      |       |       |       |       |       |       |   268 |   408 ||   676
       Reflection        |       |       |       |       |       |       |    21 |    46 ||    67
       Rpst.: Scimitar   |       |       |       |       |     2 |       |       |       ||     2
